SKY
PHILADELPHIA PHILLIES @ SEATTLE MARINERS
06/24/2052
 
TOP OF THE 1ST
Philadelphia Phillies batting - Pitching for Seattle Mariners : RHP Carson Loveday
Pitching: RHP Carson Loveday
Batting: LHB Noah Powell 0-0: Ball
1-0: Ball
2-0: Called Strike
2-1: Swinging Strike
2-2: Foul Ball, location: 2F
2-2: Strikes out swinging
Batting: RHB Kyle Negulescu 0-0: Called Strike
0-1: Ball
1-1: Foul Ball, location: 23FF
1-2: Foul Ball, location: 3F
1-2: Ball
2-2: Foul Ball, location: 2F
2-2: Ball
3-2: Fly out, F8 (Flyball, 8LM, EV 85.0 MPH)
Batting: RHB Josiah Mandel 0-0: Foul Ball, location: 9LMF
0-1: Ball
1-1: Called Strike
1-2: Ball
2-2: Strikes out swinging
Top of the 1st over - 0 runs, 0 hits, 0 errors, 0 left on base; Philadelphia 0 - Seattle 0
BOTTOM OF THE 1ST
Seattle Mariners batting - Pitching for Philadelphia Phillies : RHP Kirby Rogers
Pitching: RHP Kirby Rogers
Batting: RHB Alexis Loya 0-0: Ball
1-0: Called Strike
1-1: Fly out, F9 (Line Drive, 89S, EV 86.9 MPH)
Batting: LHB Dickie Pierce 0-0: DOUBLE (Line Drive, 7LD, EV 110.0 MPH)
Batting: RHB Jacob Cole 0-0: Called Strike
0-1: Foul Ball, location: 2F
0-2: Ball
1-2: Strikes out looking
Batting: LHB Norman Visser 0-0: Ball
1-0: Ball
2-0: Ball
3-0: Called Strike
3-1: Ground out 6-3 (Groundball, 6, EV 83.1 MPH)
Bottom of the 1st over - 0 runs, 1 hit, 0 errors, 1 left on base; Philadelphia 0 - Seattle 0
TOP OF THE 2ND
Philadelphia Phillies batting - Pitching for Seattle Mariners : RHP Carson Loveday
Batting: RHB Marc Simms 0-0: Foul Ball, location: 9LDF
0-1: Swinging Strike
0-2: Ball
1-2: Fly out, F8 (Flyball, 8RM, EV 99.4 MPH)
Batting: RHB Marty Booz 0-0: Ball
1-0: Called Strike
1-1: Ball
2-1: SINGLE (Groundball, 56D, EV 95.0 MPH)
Batting: RHB Liam Lyons 0-0: Foul Ball, location: 5F
0-1: Foul Ball, location: 23FF
0-2: Ball
1-2: Fielders Choice at 2nd, 5-4 (Groundball, 15, EV 80.0 MPH)
Batting: LHB Monte Baker 0-0: Ball
1-0: Called Strike
1-1: Ball
2-1: Ground out 4-3 (Groundball, 34, EV 90.0 MPH)
Top of the 2nd over - 0 runs, 1 hit, 0 errors, 1 left on base; Philadelphia 0 - Seattle 0
BOTTOM OF THE 2ND
Seattle Mariners batting - Pitching for Philadelphia Phillies : RHP Kirby Rogers
Batting: RHB Bobby Brundage 0-0: Ball
1-0: Ball
2-0: Ball
3-0: Base on Balls
Batting: LHB Kent Niemann 0-0: Called Strike
0-1: Ball
1-1: Swinging Strike
1-2: Strikes out swinging
Batting: RHB Norm Walker 0-0: Called Strike
0-1: Foul Ball, location: 3SF
0-2: Ball
1-2: Ball
2-2: SINGLE (Groundball, 34D, EV 99.4 MPH)
Bobby Brundage to second
Runner from 2nd tries for 3rd, SAFE, no throw by RF
Batting: SHB Hugo Castillo 0-0: Foul Ball, location: 3DF
0-1: Ball
1-1: Fly out, F6 (Line Drive, 6M, EV 66.3 MPH)
Batting: RHB Ty Moss 0-0: Ball
1-0: Called Strike
1-1: SINGLE (Groundball, 6MD, EV 93.8 MPH)
Bobby Brundage scores
Norm Walker to second
Batting: RHB Alexis Loya 0-0: Called Strike
0-1: DOUBLE (Flyball, 8RXD, EV 102.5 MPH)
Norm Walker scores
Ty Moss to third
Batting: LHB Dickie Pierce 0-0: Ball
1-0: Ball
2-0: Swinging Strike
2-1: Foul Ball, location: 3FF
2-2: Ball
3-2: SINGLE (Line Drive, 4M, EV 93.8 MPH)
Ty Moss scores
Alexis Loya to third
Runner from 3rd tries for Home, throw by CF and OUT! 8-2
Bottom of the 2nd over - 3 runs, 4 hits, 0 errors, 1 left on base; Philadelphia 0 - Seattle 3
TOP OF THE 3RD
Philadelphia Phillies batting - Pitching for Seattle Mariners : RHP Carson Loveday
Batting: RHB Ariel Fernández 0-0: Called Strike
0-1: Fly out, F7 (Flyball, 78S, EV 85.0 MPH)
Batting: SHB Elías Saucedo 0-0: Foul Ball, location: 9LSF
0-1: Swinging Strike
0-2: Ball
1-2: Strikes out looking
Batting: LHB Noah Powell 0-0: Ball
1-0: Fly out, F9 (Flyball, 9LM, EV 93.1 MPH)
Top of the 3rd over - 0 runs, 0 hits, 0 errors, 0 left on base; Philadelphia 0 - Seattle 3
BOTTOM OF THE 3RD
Seattle Mariners batting - Pitching for Philadelphia Phillies : RHP Kirby Rogers
Batting: RHB Jacob Cole 0-0: Ball
1-0: Ball
2-0: Called Strike
2-1: Foul Ball, location: 3SF
2-2: Strikes out looking
Batting: LHB Norman Visser 0-0: Called Strike
0-1: Ball
1-1: Ball
2-1: Ball
3-1: Base on Balls
Batting: RHB Bobby Brundage 0-0: Called Strike
0-1: Called Strike
0-2: Grounds into double play, 6-4-3 (Groundball, 6, EV 89.4 MPH)
Bottom of the 3rd over - 0 runs, 0 hits, 0 errors, 0 left on base; Philadelphia 0 - Seattle 3
TOP OF THE 4TH
Philadelphia Phillies batting - Pitching for Seattle Mariners : RHP Carson Loveday
Batting: RHB Kyle Negulescu 0-0: Swinging Strike
0-1: Ground out 6-3 (Groundball, 6, EV 82.5 MPH)
Batting: RHB Josiah Mandel 0-0: Called Strike
0-1: Ball
1-1: Ball
2-1: Ball
3-1: DOUBLE (Flyball, 8RXD, EV 104.4 MPH)
Batting: RHB Marc Simms 0-0: Called Strike
0-1: Swinging Strike
0-2: Strikes out swinging
Batting: RHB Marty Booz 0-0: Ball
1-0: Called Strike
1-1: 2-RUN HOME RUN (Flyball, 9D, EV 98.8 MPH), Distance : 391 ft
Batting: RHB Liam Lyons 0-0: DOUBLE (Line Drive, 89XD, EV 105.6 MPH)
Batting: LHB Monte Baker 0-0: Called Strike
0-1: Foul Ball, location: 3DF
0-2: Ball
1-2: Ball
2-2: Ball
3-2: Foul Ball, location: 5DF
3-2: Strikes out looking
Top of the 4th over - 2 runs, 3 hits, 0 errors, 1 left on base; Philadelphia 2 - Seattle 3
BOTTOM OF THE 4TH
Seattle Mariners batting - Pitching for Philadelphia Phillies : RHP Kirby Rogers
Batting: LHB Kent Niemann 0-0: Called Strike
0-1: Ground out 6-3 (Groundball, 6, EV 80.0 MPH)
Batting: RHB Norm Walker 0-0: Ball
1-0: Called Strike
1-1: SOLO HOME RUN (Flyball, 7D, EV 96.9 MPH), Distance : 369 ft
Batting: SHB Hugo Castillo 0-0: Called Strike
0-1: Called Strike
0-2: Ball
1-2: Strikes out looking
Batting: RHB Ty Moss 0-0: Ball
1-0: Called Strike
1-1: Foul Ball, location: 5F
1-2: Strikes out swinging
Bottom of the 4th over - 1 run, 1 hit, 0 errors, 0 left on base; Philadelphia 2 - Seattle 4
TOP OF THE 5TH
Philadelphia Phillies batting - Pitching for Seattle Mariners : RHP Carson Loveday
Batting: RHB Ariel Fernández 0-0: Called Strike
0-1: Foul Ball, location: 2F
0-2: Ball
1-2: Foul Ball, location: 23FF
1-2: Strikes out swinging, 2-3 out at first.
Batting: SHB Elías Saucedo 0-0: Called Strike
0-1: Called Strike
0-2: Ground out 4-3 (Groundball, 34D, EV 109.4 MPH)
Batting: LHB Noah Powell 0-0: Called Strike
0-1: SINGLE (Line Drive, 78S, EV 103.1 MPH)
Batting: RHB Kyle Negulescu 0-0: Called Strike
Noah Powell steals 2nd base
0-1: Ball
1-1: Swinging Strike
1-2: Ball
2-2: Strikes out swinging
Top of the 5th over - 0 runs, 1 hit, 0 errors, 1 left on base; Philadelphia 2 - Seattle 4
BOTTOM OF THE 5TH
Seattle Mariners batting - Pitching for Philadelphia Phillies : RHP Kirby Rogers
Batting: RHB Alexis Loya 0-0: Ball
1-0: Foul Ball, location: 2F
1-1: Swinging Strike
1-2: SINGLE (Groundball, 34D, EV 97.5 MPH)
Batting: LHB Dickie Pierce 0-0: Called Strike
0-1: Ball
1-1: Swinging Strike
1-2: Foul Ball, location: 3F
1-2: SINGLE (Line Drive, 4D, EV 105.0 MPH)
Alexis Loya to second
Batting: RHB Jacob Cole 0-0: SINGLE (Groundball, 3D, EV 94.4 MPH)
Alexis Loya to third
Dickie Pierce to second
Runner from 3rd tries for Home, SAFE, throw by RF to home
Pitching: RHP Grant Thomas
Batting: LHB Norman Visser 0-0: Ball
1-0: Ball
2-0: Swinging Strike
2-1: Swinging Strike
2-2: Strikes out swinging
Batting: RHB Bobby Brundage 0-0: Foul Ball, location: 2F
0-1: SINGLE (Groundball, 5D, EV 110.6 MPH)
Dickie Pierce to third
Jacob Cole to second
Runner from 3rd tries for Home, SAFE, throw by LF to home
Jacob Cole to third
Bobby Brundage to second
Batting: LHB Kent Niemann 0-0: Called Strike
0-1: Called Strike
0-2: Foul Ball, location: 7LSF
0-2: Fly out, F4 (Popup, 4MD, EV 56.9 MPH)
Batting: RHB Norm Walker 0-0: Called Strike
0-1: Ball
1-1: Ball
2-1: Swinging Strike
2-2: Foul Ball, location: 7LMF
2-2: Foul Ball, location: 2F
2-2: Ball
3-2: Foul Ball, location: 9LMF
3-2: Ground out 5-3 (Groundball, 56S, EV 86.9 MPH)
Bottom of the 5th over - 2 runs, 4 hits, 0 errors, 2 left on base; Philadelphia 2 - Seattle 6
TOP OF THE 6TH
Philadelphia Phillies batting - Pitching for Seattle Mariners : RHP Carson Loveday
Batting: RHB Josiah Mandel 0-0: Ball
1-0: Swinging Strike
1-1: Foul Ball, location: 5F
1-2: Fly out, F8 (Flyball, 8LD, EV 97.5 MPH)
Batting: RHB Marc Simms 0-0: Called Strike
0-1: Ground out 6-3 (Groundball, 6, EV 78.8 MPH)
Batting: RHB Marty Booz 0-0: Ball
1-0: Ball
2-0: Ball
3-0: Base on Balls
Batting: RHB Liam Lyons 0-0: Called Strike
0-1: Swinging Strike
0-2: Strikes out looking
Top of the 6th over - 0 runs, 0 hits, 0 errors, 1 left on base; Philadelphia 2 - Seattle 6
BOTTOM OF THE 6TH
Seattle Mariners batting - Pitching for Philadelphia Phillies : RHP Grant Thomas
Batting: SHB Hugo Castillo 0-0: Ball
1-0: Ball
2-0: Ball
3-0: Base on Balls
Batting: RHB Ty Moss 0-0: Ball
1-0: Grounds into double play, 6-4-3 (Groundball, 6, EV 85.0 MPH)
Batting: RHB Alexis Loya 0-0: Ball
1-0: Called Strike
1-1: Called Strike
1-2: Strikes out swinging
Bottom of the 6th over - 0 runs, 0 hits, 0 errors, 0 left on base; Philadelphia 2 - Seattle 6
TOP OF THE 7TH
Philadelphia Phillies batting - Pitching for Seattle Mariners : RHP Carson Loveday
Batting: LHB Monte Baker 0-0: Called Strike
0-1: Ball
1-1: Ball
2-1: Swinging Strike
2-2: Strikes out swinging
Batting: RHB Ariel Fernández 0-0: Called Strike
0-1: Called Strike
0-2: Ball
1-2: Fly out, F9 (Flyball, 89S, EV 100.0 MPH)
Batting: SHB Elías Saucedo 0-0: Ball
1-0: Fly out, F8 (Flyball, 8LD, EV 102.5 MPH)
Top of the 7th over - 0 runs, 0 hits, 0 errors, 0 left on base; Philadelphia 2 - Seattle 6
BOTTOM OF THE 7TH
Seattle Mariners batting - Pitching for Philadelphia Phillies : RHP Grant Thomas
Pitching: RHP Ben Williams
Batting: LHB Dickie Pierce 0-0: Ball
1-0: Ball
2-0: Ball
3-0: Fly out, F9 (Flyball, 89D, EV 110.6 MPH)
Batting: RHB Jacob Cole 0-0: Called Strike
0-1: Ball
1-1: Ground out 5-3 (Groundball, 56S, EV 87.5 MPH)
Batting: LHB Norman Visser 0-0: Ball
1-0: Ball
2-0: Foul Ball, location: 2F
2-1: SINGLE (Line Drive, 7S, EV 85.6 MPH)
Batting: RHB Bobby Brundage 0-0: Called Strike
0-1: Ball
1-1: Foul Ball, location: 9LMF
1-2: Ball
2-2: Foul Ball, location: 2F
2-2: Ball
3-2: Foul Ball, location: 5DF
3-2: Ground out 4-3 (Groundball, 4, EV 81.3 MPH)
Bottom of the 7th over - 0 runs, 1 hit, 0 errors, 1 left on base; Philadelphia 2 - Seattle 6
TOP OF THE 8TH
Philadelphia Phillies batting - Pitching for Seattle Mariners : RHP Carson Loveday
Pitching: RHP Jeffrey Meyer
Batting: LHB Noah Powell 0-0: Ground out 4-3 (Groundball, 34, EV 83.8 MPH)
Batting: RHB Kyle Negulescu 0-0: Called Strike
0-1: Ball
1-1: Foul Ball, location: 2F
1-2: Strikes out looking
Batting: RHB Josiah Mandel 0-0: Ball
1-0: Called Strike
1-1: Called Strike
1-2: DOUBLE (Line Drive, 7LS, EV 108.8 MPH)
Batting: RHB Marc Simms 0-0: Foul Ball, location: 2F
0-1: Called Strike
0-2: Ball
1-2: Ground out 4-3 (Groundball, 4, EV 100.6 MPH)
Top of the 8th over - 0 runs, 1 hit, 0 errors, 1 left on base; Philadelphia 2 - Seattle 6
BOTTOM OF THE 8TH
Seattle Mariners batting - Pitching for Philadelphia Phillies : RHP Ben Williams
Pitching: LHP Rob Taylor
Batting: LHB Kent Niemann 0-0: Ball
1-0: Ball
2-0: Called Strike
2-1: Ball
3-1: Fly out, F8 (Flyball, 8LD, EV 83.8 MPH)
Batting: RHB Norm Walker 0-0: Called Strike
0-1: Called Strike
0-2: Foul Ball, location: 3F
0-2: Ball
1-2: Ball
2-2: Ball
3-2: Foul Ball, location: 9LMF
3-2: Foul Ball, location: 2F
3-2: Foul Ball, location: 9LDF
3-2: SINGLE (Popup, 56D, EV 58.8 MPH)
Batting: SHB Hugo Castillo 0-0: Ball
1-0: Fly out, F9 (Flyball, 9LS, EV 88.1 MPH)
Batting: RHB Ty Moss 0-0: Ball
1-0: Ball
2-0: Ball
3-0: Called Strike
3-1: Base on Balls
Norm Walker to second
Batting: RHB Alexis Loya 0-0: Ball
1-0: Ball
2-0: SINGLE (Line Drive, 34, EV 96.9 MPH)
Norm Walker to third
Ty Moss to second
Pitching: LHP Sean White
Batting: LHB Dickie Pierce 0-0: Ball
Wild Pitch!
Norm Walker scores
Ty Moss to third
Alexis Loya to second
1-0: Ball
2-0: Called Strike
2-1: Called Strike
2-2: Ball
3-2: Base on Balls
Batting: RHB Jacob Cole 0-0: Ball
1-0: Ball
2-0: Fly out, F9 (Line Drive, 9, EV 98.1 MPH)
Bottom of the 8th over - 1 run, 2 hits, 0 errors, 3 left on base; Philadelphia 2 - Seattle 7
TOP OF THE 9TH
Philadelphia Phillies batting - Pitching for Seattle Mariners : RHP Jeffrey Meyer
Batting: RHB Marty Booz 0-0: Called Strike
0-1: Ball
1-1: Ball
2-1: Foul Ball, location: 9LSF
2-2: Ball
3-2: Strikes out looking
Batting: RHB Liam Lyons 0-0: Swinging Strike
0-1: Ball
1-1: Ball
2-1: Fly out, F7 (Line Drive, 7LM, EV 104.4 MPH)
Pitching: RHP Roy Lovelace
Batting: LHB Monte Baker 0-0: Ball
1-0: Fly out, F8 (Flyball, 8RM, EV 90.6 MPH)
Top of the 9th over - 0 runs, 0 hits, 0 errors, 0 left on base; Philadelphia 2 - Seattle 7
Friday, April 26th , 2024 - OOTP Baseball 24.11 Build 85